| TOP OF THE 1ST |
|
Oakland Athletics batting - Pitching for Cleveland Guardians : RHP Risto Pandev
|
|
Pitching: RHP Risto Pandev
|
|
|
Batting: RHB Jason May
|
0-0: Ball 1-0: Ball 2-0: Ball 3-0: Base on Balls
|
|
Batting: LHB R.J. O'Brien
|
0-0: Called Strike 0-1: Foul Ball, location: 2F 0-2: Ball 1-2: DOUBLE (Groundball, 5L, EV 95.6 MPH) Jason May to third
|
|
Batting: LHB Sakae Kasahara
|
0-0: Foul Ball, location: 2F 0-1: Swinging Strike 0-2: Ball 1-2: Strikes out swinging
|
|
Batting: RHB Tommy Baird
|
0-0: Foul Ball, location: 2F 0-1: Foul Ball, location: 2F 0-2: SINGLE (Groundball, 6M, EV 100.6 MPH) Jason May scores R.J. O'Brien to third Runner from 3rd tries for Home, throw by CF and OUT! 8-2
|
|
Batting: RHB Nick Gentzel
|
0-0: Fielders Choice at 2nd, 6-4 (Groundball, 6, EV 98.1 MPH)
|
| Top of the 1st over - 1 run, 2 hits, 0 errors, 1 left on base; Oakland 1 - Cleveland 0 |
| BOTTOM OF THE 1ST |
|
Cleveland Guardians batting - Pitching for Oakland Athletics : RHP Nick Kirk
|
|
Pitching: RHP Nick Kirk
|
|
|
Batting: LHB Hector Pedroso
|
0-0: Ball 1-0: Called Strike 1-1: Called Strike 1-2: Ball 2-2: Strikes out swinging, 2-3 out at first.
|
|
Batting: LHB John Harring
|
0-0: Called Strike 0-1: Called Strike 0-2: Ball 1-2: Foul Ball, location: 2F 1-2: Ball 2-2: Ground out 6-3 (Groundball, 6, EV 86.2 MPH)
|
|
Batting: RHB Nick Ogle
|
0-0: Fly out, F8 (Flyball, 8LD, EV 97.5 MPH)
|
| Bottom of the 1st over - 0 runs, 0 hits, 0 errors, 0 left on base; Oakland 1 - Cleveland 0 |
| TOP OF THE 2ND |
|
Oakland Athletics batting - Pitching for Cleveland Guardians : RHP Risto Pandev
|
|
Batting: SHB Ryan Langlois
|
0-0: Ball 1-0: Ball 2-0: Ball 3-0: Called Strike 3-1: Foul Ball, location: 2F 3-2: Strikes out swinging
|
|
Batting: RHB Garry Hash
|
0-0: Called Strike 0-1: Ball 1-1: Ball 2-1: Swinging Strike 2-2: Ball 3-2: Strikes out looking
|
|
Batting: SHB Robert Santiago
|
0-0: Called Strike 0-1: Swinging Strike 0-2: Ball 1-2: Foul Ball, location: 2F 1-2: Strikes out swinging
|
| Top of the 2nd over - 0 runs, 0 hits, 0 errors, 0 left on base; Oakland 1 - Cleveland 0 |
| BOTTOM OF THE 2ND |
|
Cleveland Guardians batting - Pitching for Oakland Athletics : RHP Nick Kirk
|
|
Batting: LHB Brent Albertson
|
0-0: Ball 1-0: Ball 2-0: Ball 3-0: Fly out, F9 (Flyball, 89S, EV 87.5 MPH)
|
|
Batting: RHB Jasper Burd
|
0-0: Ball 1-0: Ball 2-0: Ball 3-0: Base on Balls
|
|
Batting: SHB Pete Barutha
|
0-0: Ball 1-0: Ball 2-0: Fielders Choice at 2nd, 6-4 (Groundball, 6M, EV 103.1 MPH)
|
|
Batting: RHB Rick O'Reilly
|
0-0: Ball 1-0: Ball 2-0: Ball 3-0: Foul Ball, location: 2F 3-1: Ground out 4-3 (Groundball, 34S, EV 79.4 MPH)
|
| Bottom of the 2nd over - 0 runs, 0 hits, 0 errors, 1 left on base; Oakland 1 - Cleveland 0 |
| TOP OF THE 3RD |
|
Oakland Athletics batting - Pitching for Cleveland Guardians : RHP Risto Pandev
|
|
Batting: RHB Tim Cordle
|
0-0: Foul Ball, location: 2F 0-1: Ball 1-1: Ball 2-1: Ball 3-1: Base on Balls
|
|
Batting: RHB Jason May
|
0-0: Ball 1-0: Called Strike 1-1: Ball 2-1: Ball 3-1: 2-RUN HOME RUN (Flyball, 8LXD, EV 113.1 MPH), Distance : 457 ft
|
|
Batting: LHB R.J. O'Brien
|
0-0: Called Strike 0-1: Swinging Strike 0-2: Foul Ball, location: 2F 0-2: Strikes out looking
|
|
Batting: LHB Sakae Kasahara
|
0-0: Called Strike 0-1: Fly out, F7 (Flyball, 7S, EV 85.6 MPH)
|
|
Batting: RHB Tommy Baird
|
0-0: Called Strike 0-1: Ball 1-1: DOUBLE (Flyball, 89XD, EV 103.1 MPH)
|
|
Pitching: LHP Victor Garcia
|
|
|
Batting: RHB Nick Gentzel
|
0-0: Ball 1-0: Swinging Strike 1-1: Fly out, F7 (Flyball, 7D, EV 90.6 MPH)
|
| Top of the 3rd over - 2 runs, 2 hits, 0 errors, 1 left on base; Oakland 3 - Cleveland 0 |
| BOTTOM OF THE 3RD |
|
Cleveland Guardians batting - Pitching for Oakland Athletics : RHP Nick Kirk
|
|
Batting: RHB Jason Sher
|
0-0: Ball 1-0: Foul Ball, location: 2F 1-1: Swinging Strike 1-2: Strikes out swinging, 2-3 out at first.
|
|
Batting: RHB Justin Ganey
|
0-0: Called Strike 0-1: Ball 1-1: Called Strike 1-2: Ball 2-2: Strikes out swinging
|
|
Batting: LHB Hector Pedroso
|
0-0: Ball 1-0: Foul Ball, location: 2F 1-1: Ball 2-1: Ball 3-1: Base on Balls
|
|
Batting: LHB John Harring
|
0-0: Fly out, F7 (Flyball, 7D, EV 77.5 MPH)
|
| Bottom of the 3rd over - 0 runs, 0 hits, 0 errors, 1 left on base; Oakland 3 - Cleveland 0 |
| TOP OF THE 4TH |
|
Oakland Athletics batting - Pitching for Cleveland Guardians : LHP Victor Garcia
|
|
Batting: SHB Ryan Langlois
|
0-0: Called Strike 0-1: Ball 1-1: Foul Ball, location: 2F 1-2: Strikes out swinging
|
|
Batting: RHB Garry Hash
|
0-0: Called Strike 0-1: Ball 1-1: Ball 2-1: Ball 3-1: Swinging Strike 3-2: Base on Balls
|
|
Batting: SHB Robert Santiago
|
0-0: Ball 1-0: Ball 2-0: Swinging Strike 2-1: Ball Garry Hash is caught stealing 2nd base 2-4 3-1: Foul Ball, location: 2F 3-2: Ground out 6-3 (Groundball, 6S, EV 83.1 MPH)
|
| Top of the 4th over - 0 runs, 0 hits, 0 errors, 0 left on base; Oakland 3 - Cleveland 0 |
| BOTTOM OF THE 4TH |
|
Cleveland Guardians batting - Pitching for Oakland Athletics : RHP Nick Kirk
|
|
Pitching: RHP Joe Bradford
|
|
|
Batting: RHB Nick Ogle
|
0-0: Ball 1-0: Ground out 6-3 (Groundball, 56, EV 82.5 MPH)
|
|
Batting: LHB Brent Albertson
|
0-0: Foul Ball, location: 2F 0-1: Ball 1-1: Swinging Strike 1-2: Ground out 6-3 (Groundball, 6, EV 88.8 MPH)
|
|
Batting: RHB Jasper Burd
|
0-0: SINGLE (Flyball, 9LS, EV 90.0 MPH)
|
|
Batting: SHB Pete Barutha
|
0-0: Ball 1-0: Called Strike 1-1: SINGLE (Groundball, 4M, EV 103.1 MPH) (infield hit) Jasper Burd to second
|
|
Pinch Hitting: LHB Nick Welling
|
0-0: Ball 1-0: Foul Ball, location: 2F 1-1: Ball 2-1: Ball 3-1: Base on Balls Jasper Burd to third Pete Barutha to second
|
|
Pinch Hitting: LHB Corey Trevor
|
0-0: Fly out, F8 (Flyball, 8RD, EV 93.8 MPH)
|
| Bottom of the 4th over - 0 runs, 2 hits, 0 errors, 3 left on base; Oakland 3 - Cleveland 0 |
| TOP OF THE 5TH |
|
Oakland Athletics batting - Pitching for Cleveland Guardians : LHP Victor Garcia
|
|
Now at 3B: Dan Hill
|
|
|
Now at SS: Danny Eberhart
|
|
|
Batting: RHB Tim Cordle
|
0-0: Ball 1-0: Swinging Strike 1-1: Ball 2-1: Called Strike 2-2: Fly out, F8 (Line Drive, 8LD, EV 103.8 MPH)
|
|
Pinch Hitting: RHB Ryan Kinkead
|
0-0: Ball 1-0: Ball 2-0: Swinging Strike 2-1: Ground out 4-3 (Groundball, 4, EV 80.6 MPH)
|
|
Pinch Hitting: RHB Robby Godwin
|
0-0: Ball 1-0: Called Strike 1-1: Fly out, F8 (Flyball, 8LM, EV 88.8 MPH)
|
| Top of the 5th over - 0 runs, 0 hits, 0 errors, 0 left on base; Oakland 3 - Cleveland 0 |
| BOTTOM OF THE 5TH |
|
Cleveland Guardians batting - Pitching for Oakland Athletics : RHP Joe Bradford
|
|
Pitching: LHP Katsumi Takaki
|
|
|
Now at 1B: Ryan Kinkead
|
|
|
Now in LF: Robby Godwin
|
|
|
Batting: RHB Justin Ganey
|
0-0: Called Strike 0-1: Called Strike 0-2: SINGLE (Groundball, 4MD, EV 100.6 MPH)
|
|
Pinch Hitting: RHB Solange Le Coq
|
0-0: Ball 1-0: Ball 2-0: Foul Ball, location: 2F 2-1: Called Strike 2-2: SINGLE (Line Drive, 6M, EV 101.2 MPH) Justin Ganey to second
|
|
Batting: LHB John Harring
|
0-0: Grounds into double play, 6-4-3 (Groundball, 6, EV 77.5 MPH) Justin Ganey to third
|
|
Batting: RHB Nick Ogle
|
0-0: Ground out 6-3 (Groundball, 6, EV 81.9 MPH)
|
| Bottom of the 5th over - 0 runs, 2 hits, 0 errors, 1 left on base; Oakland 3 - Cleveland 0 |
| TOP OF THE 6TH |
|
Oakland Athletics batting - Pitching for Cleveland Guardians : LHP Victor Garcia
|
|
Pitching: RHP Matt Zambon
|
|
|
Now in LF: Nick Ogle
|
|
|
Now in CF: Solange Le Coq
|
|
|
Now in RF: Pete Barutha
|
|
|
Batting: RHB Randy Shrewsbury
|
0-0: Foul Ball, location: 2F 0-1: Ground out U3 (Groundball, 3S, EV 81.9 MPH)
|
|
Pinch Hitting: RHB C.J. Beavers
|
0-0: Foul Ball, location: 2F 0-1: Ground out 6-3 (Groundball, 6, EV 108.1 MPH)
|
|
Pinch Hitting: RHB Muneo Kawachi
|
0-0: Foul Ball, location: 2F 0-1: Ball 1-1: Called Strike 1-2: SINGLE (Groundball, 56D, EV 102.5 MPH)
|
|
Pinch Hitting: SHB Quincy Bradford
|
0-0: Foul Ball, location: 2F 0-1: Ball 1-1: Swinging Strike 1-2: Strikes out swinging
|
| Top of the 6th over - 0 runs, 1 hit, 0 errors, 1 left on base; Oakland 3 - Cleveland 0 |
| BOTTOM OF THE 6TH |
|
Cleveland Guardians batting - Pitching for Oakland Athletics : LHP Katsumi Takaki
|
|
Now at 2B: Quincy Bradford
|
|
|
Now at SS: Robert Santiago
|
|
|
Now in CF: Muneo Kawachi
|
|
|
Now in RF: C.J. Beavers
|
|
|
Batting: RHB Christian Blue
|
0-0: Ball 1-0: Called Strike 1-1: Ground out 1-3 (Groundball, 13S, EV 69.4 MPH)
|
|
Pinch Hitting: RHB Mitch Boyd
|
0-0: Ball 1-0: Foul Ball, location: 2F 1-1: Ball 2-1: Ball 3-1: Foul Ball, location: 2F 3-2: Strikes out swinging
|
|
Batting: SHB Pete Barutha
|
0-0: Ball 1-0: Foul Ball, location: 2F 1-1: Ball 2-1: Ball 3-1: Base on Balls
|
|
Batting: RHB Danny Eberhart
|
0-0: Called Strike 0-1: Ball 1-1: Called Strike 1-2: Ball 2-2: Ground out 4-3 (Groundball, 4, EV 90.0 MPH)
|
| Bottom of the 6th over - 0 runs, 0 hits, 0 errors, 1 left on base; Oakland 3 - Cleveland 0 |
| TOP OF THE 7TH |
|
Oakland Athletics batting - Pitching for Cleveland Guardians : RHP Matt Zambon
|
|
Pitching: RHP Ben Sedlacek
|
|
|
Now at 2B: Mitch Boyd
|
|
|
Batting: RHB Garry Hash
|
0-0: Called Strike 0-1: Ball 1-1: Fly out, F4 (Popup, 4S, EV 72.5 MPH)
|
|
Batting: SHB Robert Santiago
|
0-0: Ball 1-0: Swinging Strike 1-1: Swinging Strike 1-2: Foul Ball, location: 2F 1-2: Ground out 4-3 (Groundball, 4, EV 101.9 MPH)
|
|
Pinch Hitting: RHB Travis Robinson
|
0-0: SINGLE (Line Drive, 6D, EV 93.8 MPH)
|
|
Batting: RHB Ryan Kinkead
|
0-0: Ball 1-0: Foul Ball, location: 2F 1-1: Ball 2-1: Ball 3-1: Foul Ball, location: 2F 3-2: SINGLE (Groundball, 34D, EV 108.1 MPH) Travis Robinson to second Travis Robinson to third
|
|
Batting: RHB Robby Godwin
|
0-0: Called Strike 0-1: Called Strike 0-2: Strikes out looking
|
| Top of the 7th over - 0 runs, 2 hits, 0 errors, 2 left on base; Oakland 3 - Cleveland 0 |
| BOTTOM OF THE 7TH |
|
Cleveland Guardians batting - Pitching for Oakland Athletics : LHP Katsumi Takaki
|
|
Pitching: RHP Jesus Gonzales
|
|
|
Now at C: Al Hernandez
|
|
|
Now at 3B: Travis Robinson
|
|
|
Batting: SHB Dan Hill
|
0-0: Ball 1-0: Foul Ball, location: 2F 1-1: Ball 2-1: Swinging Strike 2-2: Ball 3-2: Foul Ball, location: 2F 3-2: Fly out, F9 (Line Drive, 9, EV 93.8 MPH)
|
|
Batting: RHB Justin Ganey
|
0-0: Ball 1-0: Ball 2-0: Ball 3-0: Base on Balls
|
|
Batting: RHB Solange Le Coq
|
0-0: Ball 1-0: Foul Ball, location: 2F 1-1: Grounds into double play, 5-4-3 (Groundball, 5, EV 101.9 MPH)
|
| Bottom of the 7th over - 0 runs, 0 hits, 0 errors, 0 left on base; Oakland 3 - Cleveland 0 |
| TOP OF THE 8TH |
|
Oakland Athletics batting - Pitching for Cleveland Guardians : RHP Ben Sedlacek
|
|
Pitching: RHP Ryan Southerland
|
|
|
Batting: RHB Randy Shrewsbury
|
0-0: Called Strike 0-1: Swinging Strike 0-2: Ball 1-2: Fly out, F6 (Popup, 6MS, EV 72.5 MPH)
|
|
Batting: RHB C.J. Beavers
|
0-0: Swinging Strike 0-1: Foul Ball, location: 2F 0-2: Ball 1-2: Foul Ball, location: 2F 1-2: Ball 2-2: Ball 3-2: Foul Ball, location: 2F 3-2: Foul Ball, location: 2F 3-2: Strikes out swinging
|
|
Batting: RHB Muneo Kawachi
|
0-0: Ground out 5-3 (Groundball, 56S, EV 91.2 MPH)
|
| Top of the 8th over - 0 runs, 0 hits, 0 errors, 0 left on base; Oakland 3 - Cleveland 0 |
| BOTTOM OF THE 8TH |
|
Cleveland Guardians batting - Pitching for Oakland Athletics : RHP Jesus Gonzales
|
|
Pinch Hitting: LHB Arvin Dungca
|
0-0: Called Strike 0-1: Fly out, F7 (Line Drive, 7S, EV 91.9 MPH)
|
|
Batting: RHB Nick Ogle
|
0-0: Ball 1-0: Called Strike 1-1: DOUBLE (Flyball, 8RXD, EV 90.0 MPH)
|
|
Batting: RHB Christian Blue
|
0-0: Called Strike 0-1: Foul Ball, location: 2F 0-2: Ball 1-2: Strikes out looking
|
|
Pinch Hitting: LHB Danny Dunham
|
0-0: Ball 1-0: Ball 2-0: Ball 3-0: Called Strike 3-1: Base on Balls
|
|
Batting: SHB Pete Barutha
|
0-0: Fielders Choice at 2nd, 6-4 (Groundball, 6, EV 78.8 MPH)
|
| Bottom of the 8th over - 0 runs, 1 hit, 0 errors, 2 left on base; Oakland 3 - Cleveland 0 |
| TOP OF THE 9TH |
|
Oakland Athletics batting - Pitching for Cleveland Guardians : RHP Ryan Southerland
|
|
Pitching: RHP Juan Flores
|
|
|
Now at 1B: Arvin Dungca
|
|
|
Now at 2B: Aaron Matthews
|
|
|
Batting: SHB Quincy Bradford
|
0-0: Ball 1-0: Foul Ball, location: 2F 1-1: Ball 2-1: Called Strike 2-2: Foul Ball, location: 2F 2-2: SINGLE (Groundball, 6S, EV 61.9 MPH) (infield hit)
|
|
Batting: LHB Al Hernandez
|
0-0: Ball 1-0: Called Strike 1-1: Called Strike Quincy Bradford steals 2nd base 1-2: Foul Ball, location: 2F 1-2: Foul Ball, location: 2F 1-2: Strikes out swinging
|
|
Batting: SHB Robert Santiago
|
0-0: Ball 1-0: Ball 2-0: Foul Ball, location: 2F 2-1: Foul Ball, location: 2F 2-2: Ball 3-2: Foul Ball, location: 2F 3-2: Foul Ball, location: 2F 3-2: SINGLE (Line Drive, 4D, EV 98.1 MPH) Quincy Bradford to third
|
|
Batting: RHB Travis Robinson
|
0-0: Called Strike 0-1: Called Strike Robert Santiago is caught stealing 2nd base 2-4 0-2: Foul Ball, location: 2F 0-2: Fly out, F7 (Line Drive, 7S, EV 91.2 MPH)
|
| Top of the 9th over - 0 runs, 2 hits, 0 errors, 1 left on base; Oakland 3 - Cleveland 0 |
| BOTTOM OF THE 9TH |
|
Cleveland Guardians batting - Pitching for Oakland Athletics : RHP Jesus Gonzales
|
|
Pitching: RHP Germano Nunes
|
|
|
Batting: RHB Danny Eberhart
|
0-0: SINGLE (Flyball, 8RS, EV 93.8 MPH)
|
|
Batting: SHB Dan Hill
|
0-0: Ball 1-0: Ball 2-0: Foul Ball, location: 2F 2-1: Called Strike 2-2: Ball 3-2: Foul Ball, location: 2F 3-2: Strikes out looking
|
|
Pinch Hitting: RHB Hiroshige Yamada
|
0-0: Ball 1-0: Called Strike 1-1: SINGLE (Line Drive, 56D, EV 95.6 MPH) Danny Eberhart to second
|
|
Batting: RHB Solange Le Coq
|
0-0: DOUBLE (Line Drive, 9LM, EV 91.9 MPH) Danny Eberhart scores Hiroshige Yamada to third
|
|
Batting: LHB Arvin Dungca
|
0-0: Called Strike 0-1: SINGLE (Groundball, 4D, EV 100.6 MPH) Hiroshige Yamada scores Solange Le Coq to third Runner from 3rd tries for Home, throw by CF and OUT! 8-2 Arvin Dungca to second
|
|
Batting: RHB Nick Ogle
|
0-0: Foul Ball, location: 2F 0-1: Ground out 6-3 (Groundball, 56, EV 85.6 MPH)
|
| Bottom of the 9th over - 2 runs, 4 hits, 0 errors, 1 left on base; Oakland 3 - Cleveland 2 |
|